 Dungeon Crawl Stone Soup version 0.26-a0-660-gc07710193c (webtiles) character file.

Game seed: 5786733385667603665

86 rogsnak the Magician (level 4, -5/32 HPs)
             Began as a Gnoll Hedge Wizard on Oct 6, 2020.
             Slain by a gnoll
             ... wielding a +0 spear
              (10 damage)
             ... on level 3 of the Dungeon.
             The game lasted 00:04:36 (2732 turns).

rogsnak the Magician (Gnoll Hedge Wizard)           Turns: 2732, Time: 00:04:37

Health: -5/32      AC:  2    Str: 13    XL:     4   Next: 49%
Magic:  11/13      EV: 14    Int: 17    God:
Gold:   98         SH:  0    Dex: 14    Spells: 16/17 levels left

rFire    . . .     SeeInvis .   r - +0 whip (venom)
rCold    . . .     Faith    .   (no shield)
rNeg     . . .     Spirit   .   b - +0 robe
rPois    .         Reflect  .   c - +0 hat
rElec    .         Harm     .   (no cloak)
rCorr    .         Rampage  .   (no gloves)
MR       .....                  (no boots)
Stlth    +++.......             (no amulet)
HPRegen  0.10/turn              (no ring)
MPRegen  0.13/turn              (no ring)

@: no status effects
A: distributed training, fangs 1, strong nose
a: no special abilities


You were on level 3 of the Dungeon.
You visited 1 branch of the dungeon, and saw 3 of its levels.

You collected 98 gold pieces.

Inventory:

Hand Weapons
 a - a +0 dagger
 q - a +2 vampiric dagger
 r - a +0 whip of venom (weapon)
Missiles
 g - 162 stones (quivered)
 p - 20 arrows
 u - 22 bolts
 x - 26 sling bullets
Armour
 b - a +0 robe (worn)
 c - a +0 hat (worn)
Magical Staves
 w - an uncursed staff of earth
Scrolls
 d - 2 scrolls of remove curse {unknown}
 e - 2 scrolls of enchant weapon {unknown}
 f - 3 scrolls of identify {unknown}
 l - a scroll of noise {unknown}
 n - 3 scrolls of amnesia {unknown}
 o - a scroll of magic mapping {unknown}
 t - a scroll of random uselessness {unknown}
 v - a scroll of immolation {unknown}
Potions
 h - a potion of resistance {unknown}
 i - a potion of heal wounds {unknown}
 j - a potion of ambrosia {unknown}
 k - a potion of brilliance {unknown}
 m - 2 potions of curing {unknown}
 s - a potion of cancellation {unknown}


   Skills:
 + Level 1.1 Fighting
 + Level 1.1 Short Blades
 + Level 1.1 Long Blades
 + Level 1.1 Axes
 + Level 1.1 Maces & Flails
 + Level 1.1 Polearms
 + Level 1.1 Staves
 + Level 1.1 Slings
 + Level 1.1 Bows
 + Level 1.1 Crossbows
 + Level 1.1 Throwing
 + Level 1.1 Armour
 + Level 4.6 Dodging
 + Level 4.2 Stealth
 + Level 1.1 Shields
 + Level 1.1 Unarmed Combat
 + Level 7.2 Spellcasting
 + Level 2.2 Conjurations
 + Level 0.9 Hexes
 + Level 2.2 Summonings
 + Level 0.9 Necromancy
 + Level 2.2 Translocations
 + Level 0.9 Transmutations
 + Level 0.9 Fire Magic
 + Level 0.9 Ice Magic
 + Level 0.9 Air Magic
 + Level 0.9 Earth Magic
 + Level 0.9 Poison Magic
 + Level 1.2 Invocations
 + Level 1.1 Evocations


You had 16 spell levels left.
You knew the following spells:

 Your Spells              Type           Power        Failure   Level
a - Magic Dart            Conj           ##..         4%          1

Your spell library contained the following spells:

 Spells                   Type           Power        Failure   Level
 Blink                    Tloc           N/A          7%          2
 Call Imp                 Summ           ##......     7%          2
 Slow                     Hex            #.......     12%         2
 Conjure Flame            Conj/Fire      ##......     19%         3
 Mephitic Cloud           Conj/Pois/Air  ##......     19%         3


Dungeon Overview and Level Annotations

Branches:
Dungeon (3/15)

Altars:


Innate Abilities, Weirdness & Mutations

Your experience applies equally to all skills.
You have very sharp teeth.
Your uncanny sense of smell can sniff out nearby items.


Message History

The gnoll is moderately wounded.
The gnoll hits you with a +0 spear.
You completely miss the gnoll.
The gnoll is moderately wounded.
The gnoll hits you with a +0 spear.
You barely miss the gnoll.
The gnoll is moderately wounded.
The gnoll completely misses you.
You barely miss the gnoll. You bite the gnoll, but do no damage.
The gnoll is moderately wounded.
The gnoll hits you with a +0 spear!
You hit the gnoll. Your bite misses the gnoll.
The gnoll is heavily wounded.
The gnoll misses you.
You hit the gnoll.
The gnoll is poisoned.
The gnoll is severely wounded.
The gnoll hits you with a +0 spear!
* * * LOW HITPOINT WARNING * * *
The gnoll hits you from afar with a +0 spear!
You die...

#.#######......####.#
#.........#.........#
∆
############.########
∆ #.# ∆ #.# #.# #.#
#.# #@# #.# #g#
######### #g#
#.......# ##g##
#.#####.# ##...######
#.#
###.###.........####
#.#
#..................#
#.#
#.#.#####..####.##.#


You could see 3 gnolls.

Vanquished Creatures
  2 adders
  An ooze (D:1)
  3 worms (D:2)
  5 leopard geckos
  4 giant cockroaches
  8 goblins
  3 hobgoblins
  4 kobolds
  A quokka (D:2)
  A ball python (D:3)
  7 bats
  4 frilled lizards
  8 rats
51 creatures vanquished.

Notes
Turn   | Place    | Note
-------+----------+-------------------------------------------
     0 | D:1      | rogsnak the Gnoll Hedge Wizard began the quest for the Orb.
     0 | D:1      | Reached XP level 1. HP: 13/13 MP: 8/8
   424 | D:1      | Reached XP level 2. HP: 19/19 MP: 8/10
   961 | D:1      | Reached XP level 3. HP: 25/25 MP: 6/11
  1527 | D:2      | Reached skill level 1 in Invocations
  1978 | D:2      | Reached skill level 1 in Fighting
  1978 | D:2      | Reached skill level 1 in Short Blades
  1978 | D:2      | Reached skill level 1 in Long Blades
  1978 | D:2      | Reached skill level 1 in Axes
  1978 | D:2      | Reached skill level 1 in Maces & Flails
  1978 | D:2      | Reached skill level 1 in Polearms
  1978 | D:2      | Reached skill level 1 in Staves
  1978 | D:2      | Reached skill level 1 in Slings
  1978 | D:2      | Reached skill level 1 in Bows
  1978 | D:2      | Reached skill level 1 in Crossbows
  1978 | D:2      | Reached skill level 1 in Throwing
  1978 | D:2      | Reached skill level 1 in Armour
  1978 | D:2      | Reached skill level 1 in Shields
  1978 | D:2      | Reached skill level 1 in Unarmed Combat
  1978 | D:2      | Reached skill level 1 in Evocations
  2182 | D:2      | Reached XP level 4. HP: 32/32 MP: 7/13
  2732 | D:3      | Slain by a gnoll

Illustrated notes

Levels and vault maps discovered:
D:1:      scummos_arrival_hexagon, layout_loops_corners
D:2:      layout_basic
D:3:      layout_loops_corners, tgw_trog

Skill      XL: |  1  2  3 |
---------------+----------+-----
Conjurations   | 2 |  2.2
Summonings     | 2 |  2.2
Translocations | 2 |  2.2
Invocations    | 1 |  1.2
Fighting       | 1 |  1.1
Short Blades   | 1 |  1.1
Long Blades    | 1 |  1.1
Axes           | 1 |  1.1
Maces & Flails | 1 |  1.1
Polearms       | 1 |  1.1
Staves         | 1 |  1.1
Slings         | 1 |  1.1
Bows           | 1 |  1.1
Crossbows      | 1 |  1.1
Throwing       | 1 |  1.1
Armour         | 1 |  1.1
Shields        | 1 |  1.1
Unarmed Combat | 1 |  1.1
Evocations     | 1 |  1.1
Dodging        | |  4.6
Stealth        | |  4.2
Spellcasting   | |  7.2
Hexes          | |  0.9
Necromancy     | |  0.9
Transmutations | |  0.9
Fire Magic     | |  0.9
Ice Magic      | |  0.9
Air Magic      | |  0.9
Earth Magic    | |  0.9
Poison Magic   | |  0.9

Action                   |  1- 3 |  4- 6 || total
-------------------------+-------+-------++-------
Melee: Dagger            |     3 |       ||     3
       Whip              |    17 |    13 ||    30
       Punch             |     1 |       ||     1
       Bite              |       |     2 ||     2
 Cast: Magic Dart        |    85 |    32 ||   117
 Stab: Sleeping          |     2 |       ||     2
Armor: Robe              |     1 |     2 ||     3
Dodge: Dodged            |    16 |    12 ||    28

Table legend: (Time is in decaauts)
 A = Elapsed time spent in this place.
 B = Non-inter-level travel time spent in this place.
 C = Inter-level travel time spent in this place.
 D = Time resting spent in this place.
 E = Time spent auto-exploring this place.
 F = Levels seen in this place.
 G = Mean time per level.
                   A        B        C        D        E       F      G
               +--------+--------+--------+--------+--------+-----+--------+
         Total |   2732 |   2669 |     63 |    343 |   1906 |   3 |  910.7 |
       Dungeon |   2732 |   2669 |     63 |    343 |   1906 |   3 |  910.7 |
               +--------+--------+--------+--------+--------+-----+--------+

Top non-repeatable levels by time:
     D:2: 1138 daAuts
     D:1: 1119 daAuts
     D:3: 474 daAuts
